 Dungeon Crawl Stone Soup version 0.16.1-4-g8e1b745 (console) character file.

72 gw the Charlatan (level 4, -16/25 HPs)
             Began as a Deep Elf Artificer on Mar 28, 2015.
             Demolished by an ogre
             ... wielding a cursed +0 giant club
              (24 damage)
             ... on level 4 of the Dungeon.
             The game lasted 00:00:35 (450 turns).

gw the Charlatan (Deep Elf Artificer)                Turns: 450, Time: 00:00:35

Health: -16/25     AC:  3    Str:  8    XL:     4   Next: 6%
Magic:  10/10      EV: 14    Int: 17    God:
Gold:   52         SH:  0    Dex: 22    Spells: 0 memorised, 3 levels left

rFire  . . .     SeeInvis .     a - +0 short sword
rCold  . . .     Clarity  .     e - +0 leather armour
rNeg   . . .     SustAb   .     (no shield)
rPois  .         Gourm    .     (no helmet)
rElec  .         Spirit   .     (no cloak)
rCorr  .         Warding  .     (no gloves)
rMut   .         Stasis   .     (no boots)
MR     .....                    (no amulet)
Stlth  ++........               (no ring)
                                i - +6 ring of dexterity

@: not resistant to hostile enchantments, unstealthy
A: no striking features
a: no special abilities


You were on level 4 of the Dungeon.
You were not hungry.

You visited 1 branch of the dungeon, and saw 4 of its levels.

You collected 52 gold pieces.

Inventory:

Hand weapons
 a - a +0 short sword (weapon)
Armour
 e - a +0 leather armour (worn)
Jewellery
 i - a +6 ring of dexterity (left hand)
Magical devices
 b - a wand of flame (10)
 c - a wand of enslavement (12)
 d - a wand of random effects (10)
Scrolls
 j - a scroll of identify {unknown}
 k - a scroll of remove curse {unknown}
Potions
 g - a potion of haste {unknown}
Comestibles
 f - 2 bread rations
 h - a beef jerky


   Skills:
 + Level 1.6 Fighting
 * Level 2.9 Short Blades
 + Level 3.2 Dodging
 - Level 1.2 Stealth
 - Level 3.2 Evocations


You had 3 spell levels left.
You didn't know any spells.

Dungeon Overview and Level Annotations

Branches:
Dungeon (4/15)
 Temple: D:4-7

Altars:


Message History

The hobgoblin barely misses you.
Unknown command.
Unknown command.
Unknown command.
Unknown command.
Evoke which item? (* to show all) (? for menu, Esc to quit)
Zapping:
c - a wand of enslavement (13)
Press: ? - help, Shift-Dir - straight line, f/p - ogre
Aim: an ogre, wielding a giant club (chance 52%)
The ogre resists with significant effort.
This wand has 12 charges left.
The ogre closely misses you. The hobgoblin barely misses you.
Unknown command.
Unknown command.
Unknown command.
Unknown command.
MOVING TO (-1,-2)
The ogre hits you with a giant club!!
Ouch! That really hurt!
You die...

# .## .. #. .#. #. .##
.. #.. #.# ###### #.##..
#e##.....# ....#
##O.......# .# #...
##..g........ ...####..#
##...........
#.......####............
#......#.............
##..##...............
##....##.............
#......#.............


You could see an ogre and a hobgoblin.

Table legend:
 A = Turns spent in this place as a percentage of turns spent in the entire game.
 B = Non-inter-level travel turns spent in this place as a percentage of non-inter-level travel turns spent in the entire game.
 C = Inter-level travel turns spent in this place as a percentage of turns spent in this place.
 D = Turns resting spent in this place as a percentage of non-inter-level travel turns spent in this place.
 E = Turns spent auto-exploring this place as a percentage of non-inter-level travel turns spent in this place.
 F = Non-inter-level travel turns spent in this place divided by the number of levels of this place that you've seen.
                   A       B       C       D       E      F
               +-------+-------+-------+-------+-------+----------------------
         Total | 100.0 | 100.0 |   2.5 |   1.0 |   2.3 | 192.5
       Dungeon | 100.0 | 100.0 |   2.5 |   1.0 |   2.3 | 192.5
               +-------+-------+-------+-------+-------+----------------------

Table legend:
 A = Kills in this place as a percentage of kills in entire the game.
 B = Kills by you in this place as a percentage of kills by you in the entire game.
 C = Kills by friends in this place as a percentage of kills by friends in the entire game.
 D = Other kills in this place as a percentage of other kills in the entire game.
 E = Experience gained in this place as a percentage of experience gained in the entire game.
 F = Experience gained in this place divided by the number of levels of this place that you have seen.
                   A       B       C       D       E      F
               +-------+-------+-------+-------+-------+----------------------
         Total | 100.0 | 100.0 |  -nan |  -nan | 100.0 |  25.8
       Dungeon | 100.0 | 100.0 |  -nan |  -nan | 100.0 |  25.8
               +-------+-------+-------+-------+-------+----------------------

Vanquished Creatures
  A scorpion (D:4)
  An adder (D:4)
  A giant mite (D:2)
  A bat (D:1)
  A hobgoblin (D:4)
  A kobold (D:1)
  A quokka (D:2)
  A giant gecko (D:4)
  A rat (D:1)
9 creatures vanquished.

Notes
Turn   | Place    | Note
--------------------------------------------------------------
     0 | D:1      | gw, the Deep Elf Artificer, began the quest for the Orb.
     0 | D:1      | Reached XP level 1. HP: 11/11 MP: 2/2
   134 | D:2      | Reached skill level 1 in Fighting
   134 | D:2      | Reached XP level 2. HP: 14/16 MP: 5/5
   365 | D:4      | Noticed a scorpion
   409 | D:4      | Killed a scorpion
   409 | D:4      | Reached XP level 3. HP: 20/20 MP: 7/7
   425 | D:4      | Reached XP level 4. HP: 25/25 MP: 10/10
   430 | D:4      | Noticed an ogre
   450 | D:4      | Demolished by an ogre

Action                   |  1- 3 |  4- 6 || total
-------------------------+-------+-------++-------
Melee: Short sword       |    22 |       ||    22
Evoke: Wand              |    11 |     2 ||    13

Vault maps used:
D:1:      minmay_arrival_stone_box
D:2:      minivault_25
D:3:      first_bread
D:4:      lemuel_upstairs_altar, grunt_temple_overflow_open,
          cheibriados_altar_wand_db, serial_shops, shop, minmay_distorted
